 Dungeon Crawl Stone Soup version 0.30-a0-721-ga6a225cb13 (webtiles) character file.

Game seed: 571008823824825822

6054 tilp the Carver (level 11, -11/94 HPs)
             Began as a Meteoran Fighter on Jan 27, 2023.
             Was a Believer of Okawaru.
             Mangled by an orc warrior
             ... wielding a +0 scimitar
             ... led by an orc knight
              (22 damage)
             ... on level 10 of the Dungeon.
             The game lasted 00:22:43 (4898 turns).

tilp the Carver (Meteoran Fighter)                  Turns: 4898, Time: 00:22:44

Health: -11/94     AC: 16    Str: 17    XL:     11   Next: 32%
Magic:  11/12      EV:  9    Int: 10    God:    Okawaru [**....]
Gold:   33         SH: 11    Dex: 19    Spells: 10/10 levels left

rFire   . . .      SeeInvis .    a - +8 autumn katana {manifold assault}
rCold   . . .      Faith    .    z - +0 kite shield
rNeg    . . .      Spirit   .    l - +0 chain mail
rPois   .          Reflect  .    h - +1 helmet
rElec   .          Harm     .    (no cloak)
rCorr   .          Rampage  .    (no gloves)
Will    +....                    (no boots) Stlth
                                 D - amulet of the acrobat
HPRegen 0.35/turn                f - +4 ring of protection
MPRegen 0.13/turn                (no ring)

@: glowing, studying Armour
A: sense surroundings 2, otherworldly, glowing, explore regen
a: Renounce Religion, Heroism


You were on level 10 of the Dungeon.
You worshipped Okawaru.
Okawaru was pleased with you.
You visited 2 branches of the dungeon, and saw 11 of its levels.

You collected 397 gold pieces.
You spent 364 gold pieces at shops.

Inventory:

Hand Weapons
 a - the +8 autumn katana (weapon) {manifold assault}
   (You acquired it on level 8 of the Dungeon)

   Manifold Assault: It sometimes launches melee attacks against multiple
   visible enemies.
 b - a +0 heavy long sword
 c - a +1 long sword
 k - a +3 long sword of holy wrath
 A - a +2 heavy great sword
 G - a +1 dagger of venom
 I - a +4 triple sword of holy wrath
Missiles
 e - 86 stones
 i - 21 poisoned darts
 o - 9 boomerangs (quivered)
Armour
 h - a +1 helmet (worn)
 l - a +0 chain mail (worn)
 t - a +0 tower shield
 z - a +0 kite shield (worn)
Jewellery
 f - a +4 ring of protection (left hand)
 B - a ring of wizardry
 C - a ring of wizardry
 D - an amulet of the acrobat (around neck)
 J - the ring of Pimiaklu {Drain Will+++ rCorr}
   (You acquired it on level 8 of the Dungeon)

   [ring of resist corrosion]

   rCorr:     It protects you from acid and corrosion.
   Drain:     It drains your maximum health when unequipped.
   Will:      It greatly increases your willpower.
Wands
 u - a wand of iceblast (1)
 y - a wand of polymorph (13)
 M - a wand of flame (11)
Scrolls
 g - 3 scrolls of immolation
 n - 5 scrolls of teleportation
 x - a scroll of torment
 F - a scroll of enchant weapon
 K - a scroll of identify
Potions
 d - a potion of might
 j - 2 potions of heal wounds
 m - 2 potions of berserk rage
 p - a potion of haste {unknown}
 q - 5 potions of lignification
 r - 3 potions of curing
 s - 2 potions of invisibility {unknown}
 v - 2 potions of mutation
 w - 2 potions of magic {unknown}
 E - a potion of flight {unknown}
 H - a potion of degeneration {unknown}
 L - a potion of attraction {unknown}


   Skills:
 + Level 8.0 Fighting
 - Level 12.0 Long Blades
 - Level 4.0 Throwing
 + Level 7.0 Armour
 + Level 8.0 Dodging
 - Level 4.0 Stealth
 - Level 6.0 Shields
 * Level 1.0 Invocations
 + Level 0.4 Evocations


You had 10 spell levels left.
You didn't know any spells.
Your spell library was empty.

Dungeon Overview and Level Annotations

Branches:
Dungeon (10/15) Zot: 1160  Temple (1/1) D:4 Zot: 327
   Lair: D:8-11         Orc: D:9-12

Altars:
Ashenzari
Cheibriados
Dithmenos
Elyvilon
Fedhas
Gozag
Hepliaklqana
Kikubaaqudgha
Makhleb
Okawaru
Qazlal
Ru
Sif Muna
Trog
Uskayaw
Vehumet
Wu Jian
Xom
Yredelemnul
Zin
The Shining One

Shops:
D:5 [   D:7 (   D:10 [

Portals:
Bailey: D:10


Innate Abilities, Weirdness & Mutations

You passively map the area around you.
You are easily found by Zot.
You glow in the dark.
You regain HP and MP as you explore.


Message History

You block the gnoll's attack. The orc warrior barely misses you.
You hit the orc warrior.
The orc warrior is almost dead.
The sixfirhy hits you but does no damage.
You slice the orc warrior!!
You slice through the folds of space itself!
You slice the gnoll!!
You kill the gnoll!
Okawaru accepts your kill.
You slash the orc priest! You slash the orc warrior!
You slash the orc sorcerer!
You kill the orc sorcerer!
Okawaru is honoured by your kill.
The sixfirhy disappears in a puff of smoke!
You kill the orc warrior!
Okawaru accepts your kill.
Your life force feels restored.
Base training target 12.0 for Long Blades reached!
Your base Long Blades skill increases to level 12!
You need to enable at least one skill for training.
Your Invocations skill increases to level 1!
Unknown command.
Unknown command.
The orc warrior attacks as you move away!
The orc warrior hits you with a +0 scimitar!!
* * * LOW HITPOINT WARNING * * *
The orc warrior attacks as you move away!
The orc warrior misses you.
Things that are here:
a +0 flail; a throwing net; a gnoll corpse You feel like a meek peon again.
The orc warrior throws a silver boomerang.
You block the silver boomerang.
You feel much better.
You hear the faint creaking of a portcullis very nearby.
The orc warrior hits you with a +0 flail!!
* * * LOW HITPOINT WARNING * * *
The orc warrior attacks as you move away!
The orc warrior hits you with a +0 scimitar!!
You die...

,,,**,,,,** #...#...........# *
,,*****,,,* #$.............#* *
,,* *,,,* **#.............** **
,** **,,* #...##...####.,***, **
*,** #..###...# **,,,.. * **,*
##.# ##..# **,... ** **,,* #.#
##.## **..# ,*****,,,* ##.# ##.##
*#.<# ,,,,,,,,** #.@##
##.####.... ***,,,,,,****##ooo#
##.##..#*, ***,,,,,,o,#oo..#*
##...#*** **,..)..)g.)...#
###...# *
****,.)∩))..)....#***#.....##
***,,,,..)..#?..####....####..#**
*,,,,,,.....##### *..#** ##..##.
,*****,..##** *.** #...... **
**.,* *,* ##.###..


You could see an orc knight, 3 orc warriors, an orc priest (strong) and a gnoll.

Vanquished Creatures
  A two-headed ogre (D:9)
  Pikel (D:7)
  An orc sorcerer (D:10)
  An unseen horror (D:10)
  2 kobold demonologists (D:7)
  A troll (D:10)
  A shadow (D:10)
  A wyvern (D:10)
  4 yaks
  2 water moccasins
  2 orc warriors
  2 ice beasts
  A black bear (D:6)
  2 ogres (D:5)
  4 centaurs
  4 lemures
  A phantom (D:6)
  2 bullfrogs (D:8)
  2 kobold brigands
  A necrophage (D:5)
  A gnoll sergeant (D:10)
  A scorpion (D:4)
  2 electric eels (D:8)
  4 hounds
  3 jellies (D:5)
  5 orc priests
  4 iguanas
  Natasha (twice) (D:3)
  6 orc wizards
  9 adders
  12 gnolls
  A shadow imp (D:8)
  3 white imps
  An ufetubus (D:7)
  A worm (D:2)
  2 dart slugs
  23 orcs
  3 ball pythons
  7 bats
  4 endoplasms
  A giant cockroach (D:4)
  6 hobgoblins
  A frilled lizard (D:2)
  7 goblins
  7 kobolds
  2 rats (D:2)
154 creatures vanquished.

Vanquished Creatures (others)
  A gnoll (D:8)
  A hobgoblin (D:8)
  A kobold (D:8)
  A plant (D:8)
4 creatures vanquished.

Grand Total: 158 creatures vanquished

Notes
Turn   | Place    | Note
-------+----------+-------------------------------------------
     0 | D:1      | tilp the Meteoran Fighter began the quest for the Orb.
     0 | D:1      | Reached XP level 1. HP: 19/19 MP: 2/2
    96 | D:1      | Reached skill level 1 in Dodging
    96 | D:1      | Reached XP level 2. HP: 26/26 MP: 3/3
   355 | D:2      | Reached XP level 3. HP: 22/31 MP: 4/4
   479 | D:2      | Reached XP level 4. HP: 38/38 MP: 5/5
   587 | D:3      | Found a hazy altar of Hepliaklqana.
   589 | D:3      | Found a glowing silver altar of Zin.
   756 | D:3      | Found a shadowy altar of Dithmenos.
   832 | D:3      | Noticed Natasha
   838 | D:3      | Killed Natasha
   839 | D:3      | Reached skill level 3 in Long Blades
   839 | D:3      | Reached skill level 1 in Stealth
   839 | D:3      | Reached XP level 5. HP: 39/46 MP: 6/6
   974 | D:3      | Found a burning altar of Makhleb.
   976 | D:3      | Found an ancient bone altar of Kikubaaqudgha.
  1013 | D:3      | Noticed Natasha
  1021 | D:3      | Killed Natasha
  1220 | D:4      | Reached XP level 6. HP: 47/52 MP: 7/7
  1234 | D:5      | Entered Level 5 of the Dungeon
  1263 | D:5      | Noticed an ogre
  1266 | D:5      | Killed an ogre
  1267 | D:5      | Reached skill level 4 in Long Blades
  1267 | D:5      | Reached XP level 7. HP: 37/59 MP: 8/8
  1397 | D:4      | Reached skill level 1 in Throwing
  1500 | D:5      | Reached XP level 8. HP: 26/67 MP: 9/9
  1501 | D:5      | Found Isedilydyrgh's Armour Emporium.
  1644 | D:4      | Found a staircase to the Ecumenical Temple.
  1664 | Temple   | Entered the Ecumenical Temple
  2169 | D:5      | Reached skill level 5 in Long Blades
  2374 | D:6      | Reached skill level 5 in Fighting
  2391 | D:5      | Found an ornate altar of the Wu Jian Council.
  2462 | D:5      | HP: 3/68 [white imp (5)]
  2587 | D:5      | Reached skill level 5 in Armour
  2679 | D:5      | Reached skill level 5 in Dodging
  2679 | D:5      | Gained mutation: You passively map the area around you.
                  | [Meteoran growth]
  2679 | D:5      | Reached XP level 9. HP: 69/74 MP: 10/10
  2781 | D:6      | Reached skill level 6 in Long Blades
  2781 | D:6      | Reached skill level 5 in Shields
  2878 | D:7      | Noticed Pikel
  2912 | D:6      | Found a basalt altar of Yredelemnul.
  2912 | D:6      | Found a bloodstained altar of Trog.
  3008 | D:6      | Found a radiant altar of Vehumet.
  3036 | D:7      | Found Wupp's Antique Weapon Shoppe.
  3070 | D:7      | Bought a glowing long sword for 182 gold pieces
  3620 | D:7      | Bought a runed long sword for 182 gold pieces
  3623 | D:7      | Noticed a kobold demonologist
  3627 | D:7      | Noticed a kobold demonologist
  3629 | D:7      | Noticed a sun demon
  3631 | D:7      | Noticed an ice devil
  3634 | D:7      | Killed a kobold demonologist
  3635 | D:7      | Reached skill level 7 in Long Blades
  3865 | D:7      | Noticed a hellwing
  3874 | D:7      | Killed a kobold demonologist
  3875 | D:7      | Reached XP level 10. HP: 76/86 MP: 11/11
  3943 | D:7      | Killed Pikel
  3944 | D:7      | Reached skill level 8 in Long Blades
  3997 | D:8      | Found an iron altar of Okawaru.
  4024 | D:8      | Became a worshipper of Warmaster Okawaru
  4115 | D:8      | Found a broken altar of Ashenzari.
  4227 | D:8      | Identified 3 scrolls of acquirement
  4227 | D:8      | Acquired a +4 triple sword of holy wrath
  4229 | D:8      | Acquired the ring of Pimiaklu {Drain Will+++ rCorr}
  4231 | D:8      | Acquired the +8 autumn katana {manifold assault}
  4231 | D:8      | Found the +8 autumn katana {manifold assault}
  4512 | D:8      | Found a white marble altar of Elyvilon.
  4519 | D:8      | Reached skill level 9 in Long Blades
  4570 | D:9      | Noticed a two-headed ogre
  4576 | D:9      | Killed a two-headed ogre
  4576 | D:9      | Reached * piety under Okawaru
  4739 | D:10     | Entered Level 10 of the Dungeon
  4777 | D:10     | Reached skill level 10 in Long Blades
  4782 | D:10     | Reached ** piety under Okawaru
  4783 | D:10     | Reached XP level 11. HP: 74/94 MP: 12/12
  4808 | D:10     | Found Nomm's Antique Armour Boutique.
  4838 | D:10     | Reached skill level 11 in Long Blades
  4882 | D:10     | Noticed an orc sorcerer
  4883 | D:10     | Noticed an orc knight
  4884 | D:10     | Noticed a sixfirhy
  4885 | D:10     | Found a flagged portal.
  4894 | D:10     | Killed an orc sorcerer
  4895 | D:10     | Reached skill level 12 in Long Blades
  4895 | D:10     | Reached skill level 1 in Invocations
  4898 | D:10     | Mangled by an orc warrior

Illustrated notes

Levels and vault maps discovered:
D:1:      sevenhm_arrival_forest_fort_small_3, layout_loops_ring,
          shapermc_ecumenical_altar_totnotflames, hangedman_decor_growths,
          dk_noncrumbling_2, minmay_misc_feat_hallway
D:2:      layout_basic
D:3:      layout_basic, mainiacjoe_overflow_cross_hatched,
          nicolae_overflow_hidden_temple, uniq_natasha
D:4:      layout_basic, minmay_temple_entry_glass, chequers_mini_garden
D:5:      layout_loops_ring, nicolae_wu_jian_wuxing_cycle, serial_shops, shop,
          chequers_serial_rivers_small_b, minmay_manual_mares
D:6:      layout_basic, old_standard_altar, gammafunk_temple_overflow_wave,
          uniq_menkaure
D:7:      layout_rooms, serial_shops, nicolae_shop_crystal, uniq_pikel
D:8:      layout_basic, okawaru_altar_gauntlet_db, mainiacjoe_overflow_paths,
          nicolae_elyvilon_temple_path
D:9:      layout_roguey, lemuel_doored_altar, david_lair_shrubbed,
          guppyfry_early_elven_hall, uniq_erica
D:10:     layout_layer_cave, enter_bailey_2, serial_shops, shop
Temple:   grunt_temple_mini_profane

Skill      XL: |  1  2  3  4  5  6  7  8  9 10 11 |
---------------+----------------------------------+-----
Dodging        | 1 2 3 4 5 7 8 |  8.0
Armour         | 4 5 6 7 |  7.0
Shields        | 4 5 6 |  6.0
Long Blades    | 3 4 5 7 10 12 | 12.0
Stealth        | 1 2 3 4 |  4.0
Fighting       | 4 5 7 8 |  8.0
Throwing       | 1 2 4 |  4.0
Invocations    | 1 |  1.0
Evocations     | |  0.4

Action                     |  1- 3 |  4- 6 |  7- 9 | 10-12 || total
---------------------------+-------+-------+-------+-------++-------
  Melee: Long sword        |    55 |   117 |   342 |    48 ||   562
         Katana            |       |       |       |    79 ||    79
  Throw: Stone             |       |     1 |     2 |       ||     3
         Boomerang         |       |       |       |     6 ||     6
 Invoke: Heroism           |       |       |       |     1 ||     1
    Use: Potion            |       |     1 |     1 |     1 ||     3
         Scroll            |       |       |    16 |     4 ||    20
 Armour: Scale mail        |    35 |    56 |    75 |       ||   166
         Chain mail        |       |       |   152 |    59 ||   211
  Dodge: Dodged            |    19 |    59 |   133 |    44 ||   255
  Block: Buckler           |    19 |    32 |       |       ||    51
         Kite shield       |       |       |   239 |    82 ||   321

Table legend: (Time is in decaauts)
 A = Elapsed time spent in this place.
 B = Non-inter-level travel time spent in this place.
 C = Inter-level travel time spent in this place.
 D = Time resting spent in this place.
 E = Time spent auto-exploring this place.
 F = Levels seen in this place.
 G = Mean time per level.
                   A        B        C        D        E       F      G
               +--------+--------+--------+--------+--------+-----+--------+
         Total |   5112 |   4347 |    765 |    100 |      0 |  11 |  464.7 |
       Dungeon |   4839 |   4074 |    765 |      0 |      0 |  10 |  483.9 |
        Temple |    272 |    272 |      0 |    100 |      0 |   1 |  272.0 |
               +--------+--------+--------+--------+--------+-----+--------+

Top non-repeatable levels by time:
     D:6: 812 daAuts
     D:8: 761 daAuts
     D:5: 739 daAuts
     D:3: 617 daAuts
     D:4: 606 daAuts
     D:7: 549 daAuts
     D:2: 306 daAuts
  Temple: 272 daAuts
     D:1: 270 daAuts
    D:10: 151 daAuts
     D:9: 24 daAuts
